 Dungeon Crawl Stone Soup version 0.29.1-1-gd02db6906a (webtiles) character file.

Game seed: 3344769574210602128

3 Icepheonix32 the Insei (level 1, 0/15 HPs)
             Began as a Merfolk Transmuter on Oct 5, 2022.
             Constricted to death by a ball python (1 damage)
             ... on level 1 of the Dungeon.
             The game lasted 00:00:09 (217 turns).

Icepheonix32 the Insei (Merfolk Transmuter)          Turns: 217, Time: 00:00:09

Health: 0/15       AC:  2    Str: 10    XL:     1   Next: 50%
Magic:  3/3        EV:  9    Int: 12    God:
Gold:   7          SH:  0    Dex: 14    Spells: 3/4 levels left

rFire   . . .      SeeInvis .     - Unarmed
rCold   . . .      Faith    .   (no shield)
rNeg    . . .      Spirit   .   a - +0 robe
rPois   .          Reflect  .   (no helmet)
rElec   .          Harm     .   (no cloak)
rCorr   .          Rampage  .   (no gloves)
Will    .....                   (no boots)
Stlth   +.........              (no amulet)
HPRegen 0.05/turn               (no ring)
MPRegen 0.08/turn               (no ring)

@: constricted
A: (nimble swimmer 2), mertail
a: no special abilities


You were on level 1 of the Dungeon.
You visited 1 branch of the dungeon, and saw 1 of its levels.

You collected 7 gold pieces.

Inventory:

Armour
 a - a +0 robe (worn)
Scrolls
 c - a scroll of identify {unknown}
Potions
 b - a potion of lignification


   Skills:
 + Level 1.1 Fighting
 + Level 2.7 Dodging
 + Level 3.3 Unarmed Combat
 + Level 2.0 Spellcasting
 * Level 3.1 Transmutations


You had 3 spell levels left.
You knew the following spells:

 Your Spells              Type           Power      Damage    Failure   Level
a - Beastly Appendage     Tmut           16%        N/A       8%          1

Your spell library contained the following spells:

 Spells                   Type           Power      Damage    Failure   Level
 Wereblood                Tmut           8%         N/A       12%         2
 Spider Form              Tmut/Pois      4%         N/A       41%         3
 Ice Form                 Ice/Tmut       4%         N/A       82%         4


Dungeon Overview and Level Annotations

Branches:
Dungeon (1/15)

Altars:


Innate Abilities, Weirdness & Mutations

((You are very nimble when in or above water. (Stealth+, EV+, Speed+++)))
Your lower body shifts to a powerful aquatic tail in water.


Message History

The giant cockroach closely misses you. The jackal bites you.
A ball python comes into view.
The giant cockroach closely misses you.
You closely miss the giant cockroach.
The giant cockroach is moderately wounded.
Your transformation is almost over.
The ball python hisses angrily.
The jackal bites you. The giant cockroach bites you.
You hit the giant cockroach.
The giant cockroach is severely wounded.
The jackal misses you.
The giant cockroach bites you but does no damage.
The jackal closely misses you.
You hit the giant cockroach.
You kill the giant cockroach!
The jackal misses you. The jackal attacks as you move away!
The jackal bites you. x2
You barely miss the jackal.
The jackal bites you but does no damage.
You hit the jackal.
You kill the jackal!
The giant cockroach barely misses you.
Your Transmutations skill increases to level 3!
The ball python misses you. x2; The giant cockroach closely misses you.
The ball python bites you. The ball python barely misses you.
You see here a jackal corpse.
You barely miss the ball python. You headbutt the ball python.
The ball python is heavily wounded.
Your horns disappear.
The giant cockroach bites you but does no damage.
The ball python bites you.
* * * LOW HITPOINT WARNING * * *
The ball python grabs you. The ball python constricts you.
The ball python's grasp on you weakens, but your attempt to escape fails.
The giant cockroach bites you.
* * * LOW HITPOINT WARNING * * *
The ball python bites you.
* * * LOW HITPOINT WARNING * * *
The ball python constricts you.
You die... ##### #.... #.#.. #.#.# ### #.#.# .. #######.#.# #.## #####...#...#.# S$[

............|.###.###...
#............@S......#
##............B###....#
#.............## ###
###...........#
##...#........
#####.....#######
#......##...#
#......####.# #####..##
..#


You could see a giant cockroach and a ball python.

Vanquished Creatures
  A giant cockroach (D:1)
  A jackal (D:1)
  A rat (D:1)
3 creatures vanquished.

Notes
Turn   | Place    | Note
-------+----------+-------------------------------------------
     0 | D:1      | Icepheonix32 the Merfolk Transmuter began the quest for the
                  | Orb.
     0 | D:1      | Reached XP level 1. HP: 15/15 MP: 3/3
   217 | D:1      | Constricted to death by a ball python

Illustrated notes

Levels and vault maps discovered:
D:1:      co_arrival_random_square_maze, layout_rooms, serial_shops, shop,
          shapermc_ecumenical_altar_petra, minivault_4, minmay_splitting_lines,
          chequers_serial_rivers_room_a, grunt_decor_fettered,
          minmay_split_cup_large

Skill      XL: |  1 |
---------------+----+-----
Transmutations | 3 |  3.1
Fighting       | |  1.1
Dodging        | |  2.7
Unarmed Combat | |  3.3
Spellcasting   | |  2.0

Action                   || total
-------------------------++-------
Melee: Unarmed           ||    12
       Headbutt          ||     2
 Cast: Beastly Appendage ||     2
Armor: Robe              ||     4
Dodge: Dodged            ||    11
